 Dungeon Crawl Stone Soup version 0.30-a0-1124-g6e8f0f562f (webtiles) character file.

Game seed: 12537297914175264215

2689 CryoSword the Skirmisher (level 9, -5/68 HPs)
             Began as a Formicid Hunter on Apr 23, 2023.
             Was a Follower of Makhleb.
             Slain by a two-headed ogre
             ... wielding a +0 giant club
              (20 damage)
             ... on level 8 of the Dungeon.
             The game lasted 00:12:33 (8902 turns).

CryoSword the Skirmisher (Formicid Hunter)          Turns: 8902, Time: 00:12:33

Health: -5/68      AC:  8    Str: 16    XL:     9   Next: 96%
Magic:  12/12      EV: 13    Int:  9    God:    Makhleb [*.....]
Gold:   132        SH:  0    Dex: 21    Spells: 8/8 levels left

rFire   . . .        a - +0 shortbow (heavy)
rCold   + . .        (no shield)
rNeg    + . .        r - +0 ring mail of the Battered Blessings {-Cast rElec rN+ Will+}
rPois   +            (helmet unavailable)
rElec   +            y - +0 cloak
rCorr   .            z - +0 pair of gloves
SInv    +            (no boots)
Will    +....        (no amulet)
Stlth   +++          x - ring of protection from cold
HPRegen 0.31/turn    k - ring of poison resistance
MPRegen 0.13/turn

%: no spellcasting
@: no status effects
A: permanent stasis, dig shafts and tunnels, antennae 3, four strong arms
a: Dig, Shaft Self, Renounce Religion


You were on level 8 of the Dungeon.
You worshipped Makhleb.
Makhleb was aware of your devotion.
You visited 2 branches of the dungeon, and saw 11 of its levels.

You collected 488 gold pieces.
You spent 356 gold pieces at shops.

Inventory:

Hand Weapons
 a - a +0 heavy shortbow (weapon)
Missiles
 d - 12 poisoned darts
Armour
 r - the +0 ring mail of the Battered Blessings (worn) {-Cast rElec rN+ Will+}
   (You found it on level 3 of the Dungeon)

   rElec:     It insulates you from electricity.
   rN:        It protects you from negative energy.
   -Cast:     It prevents spellcasting.
   Will:      It increases your willpower.
 y - a +0 cloak (worn)
   (You bought it in a shop on level 3 of the Dungeon)
 z - a +0 pair of gloves (worn)
   (You bought it in a shop on level 3 of the Dungeon)
Jewellery
 c - a ring of fire
   (You found it on level 4 of the Dungeon)
 k - a ring of poison resistance (right hand)
   (You found it on level 2 of the Dungeon)
 q - a ring of fire
   (You found it on level 2 of the Dungeon)
 x - a ring of protection from cold (left hand)
   (You found it on level 5 of the Dungeon)
Wands
 s - a wand of roots (14)
   (You found it on level 6 of the Dungeon)
 v - a wand of flame (12)
   (You took it off Sigmund on level 4 of the Dungeon)
Scrolls
 b - 4 scrolls of immolation {!r}
 e - 4 scrolls of fog
 g - a scroll of brand weapon
 h - a scroll of enchant armour {unknown}
 m - 2 scrolls of summoning
 w - a scroll of fear {unknown}
 A - a scroll of identify {@r1}
 D - a scroll of vulnerability {unknown}
Potions
 f - a potion of heal wounds {@q2}
 i - 3 potions of flight
 j - 2 potions of invisibility
 l - a potion of mutation {unknown}
 n - 3 potions of lignification {unknown}
 o - 2 potions of ambrosia
 p - a potion of cancellation
 t - 2 potions of might
 u - 2 potions of curing {@q1}
 B - a potion of attraction {unknown}
 C - a potion of brilliance {unknown}
 E - a potion of resistance {unknown}


   Skills:
 + Level 5.3 Fighting
 * Level 9.5 Ranged Weapons
 + Level 4.5 Armour
 * Level 3.7 Dodging
 + Level 5.6 Stealth
 + Level 5.0 Invocations


You had 8 spell levels left.
You didn't know any spells.
Your spell library contained the following spells:

 Spells                   Type           Power      Damage    Failure   Level
 Magic Dart               Conj           0%         1d3       58%         1
 Call Imp                 Summ           0%         N/A       73%         2
 Gell's Gravitas          Tloc           0%         N/A       91%         3
 Mephitic Cloud           Conj/Pois/Air  0%         N/A       91%         3
 Teleport Other           Tloc           0%         N/A       91%         3
 Summon Forest            Summ/Tloc      0%         N/A       100%        5
 Dispersal                Tloc           0%         N/A       100%        6
 Eringya's Noxious Bog    Tmut/Pois      0%         N/A       100%        6
 Summon Hydra             Summ           0%         N/A       100%        7


Dungeon Overview and Level Annotations

Branches:
Dungeon (10/15)            Temple (1/1) D:4
   Lair: D:8-11         Orc: D:9-12

Altars:
Cheibriados
Dithmenos
Elyvilon
Fedhas
Hepliaklqana
Kikubaaqudgha
Makhleb
Nemelex Xobeh
Ru
Sif Muna
Uskayaw
Vehumet
Wu Jian
Xom
Yredelemnul
The Shining One

Shops:
D:1 ?   D:3 [


Innate Abilities, Weirdness & Mutations

You cannot be hasted, slowed, berserked, paralysed or teleported.
You can dig through walls and to a lower floor.
You have a pair of large antennae on your head. (SInv)
Your four strong arms can wield two-handed weapons with a shield.


Message History

You fall into a shaft and drop 2 floors!
The shaft crumbles and collapses.
Found a scroll labelled GENAEC PECUE and 18 gold pieces.
A wraith comes into view.
You see here a scroll labelled GENAEC PECUE.
You see here a scroll labelled GENAEC PECUE.
D - a scroll labelled GENAEC PECUE You shoot an arrow.
The arrow closely misses the wraith.
You shoot an arrow. The arrow barely misses the wraith.
The wraith hits you but does no damage.
You shoot an arrow. The arrow hits the wraith.
The wraith hits you but does no damage.
You shoot an arrow. The arrow hits the wraith!
The wraith hits you. The wraith drains your vigour!
Your stasis prevents you from being slowed.
The wraith completely misses you.
You shoot an arrow.
The arrow hits the wraith but does no damage.
The wraith hits you but does no damage. x2
You shoot an arrow. The arrow closely misses the wraith.
The wraith hits you.
You shoot an arrow. The arrow hits the wraith.
The wraith hits you. The wraith hits you!
You shoot an arrow. The arrow hits the wraith!
You destroy the wraith!
Makhleb accepts your kill. 3 killer bees come into view.
Found a shadowy altar of Dithmenos.
You start resting.
Found a stone staircase leading up.
Found a wand of roots (7).
An orc priest comes into view. It is wielding a +0 short sword.
An orc priest and an orc come into view.
You shoot an arrow. The arrow hits the orc priest!!
You kill the orc priest!
Makhleb accepts your kill.
The orc priest shouts!
The orc priest casts a cantrip, but nothing happens.
An orc warrior comes into view. It is wielding a +0 dire flail.
The orc warrior shouts!
You shoot an arrow. The arrow barely misses the orc.
You shoot an arrow. The arrow barely misses the orc.
You shoot an arrow. The arrow closely misses the orc.
The orc closely misses you.
You shoot an arrow. The arrow hits the orc.
The orc barely misses you. x2
You shoot an arrow. The arrow hits the orc!
You kill the orc!
Makhleb accepts your kill.
You shoot an arrow. The arrow hits the orc priest!!
You kill the orc priest!
Makhleb accepts your kill. The orc warrior closely misses you. x2
Your Invocations skill increases to level 5!
You shoot an arrow.
The arrow hits the orc warrior but does no damage.
The orc warrior hits you but does no damage.
You shoot an arrow.
The arrow closely misses the orc warrior.
The orc warrior hits you with a +0 dire flail!
The orc warrior hits you with a +0 dire flail.
You shoot an arrow.
The arrow hits the orc warrior but does no damage.
The orc warrior closely misses you.
The orc warrior hits you with a +0 dire flail!
You shoot an arrow.
The arrow barely misses the orc warrior.
The orc warrior hits you with a +0 dire flail.
You shoot an arrow. The arrow hits the orc warrior.
The orc warrior closely misses you. The orc warrior completely misses you.
You shoot an arrow.
The arrow barely misses the orc warrior.
The orc warrior closely misses you. The orc warrior barely misses you.
You shoot an arrow.
The arrow hits the orc warrior but does no damage.
The orc warrior closely misses you.
You shoot an arrow.
The arrow hits the orc warrior but does no damage.
The orc warrior closely misses you.
The orc warrior hits you with a +0 dire flail!
* * * LOW HITPOINT WARNING * * *
You shoot an arrow.
The arrow barely misses the orc warrior.
The orc warrior barely misses you.
Aim: an orc warrior, wielding a +0 dire flail and wearing a +0 chain mail (lightly wounded, chance to affect: 64%)
The orc warrior's mind is blasted!!
The orc warrior hits you with a +0 dire flail!
* * * LOW HITPOINT WARNING * * *
Aim: an orc warrior, wielding a +0 dire flail and wearing a +0 chain mail (severely wounded, chance to affect: 64%)
The orc warrior struggles to resist.
The orc warrior hits you with a +0 dire flail.
* * * LOW HITPOINT WARNING * * *
Aim: an orc warrior, wielding a +0 dire flail and wearing a +0 chain mail (severely wounded, chance to affect: 64%)
The orc warrior struggles to resist.
The now-empty wand crumbles to dust.
The orc warrior hits you but does no damage.
You shoot an arrow.
The arrow hits the orc warrior but does no damage.
The orc warrior barely misses you. x2
You shoot an arrow. The arrow hits the orc warrior!
You kill the orc warrior!
Makhleb accepts your kill.
You feel better.
Found a flail.
There is a stone staircase leading up, spattered with blood here.
Things that are here:
a +0 flail; a +0 scale mail; an orc corpse
s - a wand of roots (14) (gained 7 charges)
There is a stone staircase leading up, spattered with blood here.
Things that are here:
a +0 flail; a +0 scale mail; an orc corpse You start resting.
A vampire comes into view.
A vampire is nearby!
Unknown command.
A vampire is nearby!
Unknown command.
The vampire gestures wildly while chanting.
The vampire flickers and vanishes for a moment.
The vampire throws a stone.
The stone hits you.
* * * LOW HITPOINT WARNING * * *
You climb upwards.
Found an escape hatch in the floor.
Found a stone staircase leading down.
There is a stone staircase leading down here.
You start resting.
You open the door.
Found a stone staircase leading up.
There is an open door here.
There is a stone staircase leading up here.
You climb upwards.
Found a metallic golden potion and a buckler.
There is a stone staircase leading down here.
l - a metallic golden potion You now have 132 gold pieces (gained 12).
E - a glowing black potion A two-headed ogre is nearby!
A two-headed ogre is nearby!
You shoot an arrow. The arrow hits the two-headed ogre!!
You shoot an arrow. The arrow hits the two-headed ogre!
You shoot an arrow. The arrow hits the two-headed ogre!
The two-headed ogre barely misses you.
The two-headed ogre hits you with a +0 giant spiked club!
You shoot an arrow.
The arrow barely misses the two-headed ogre.
The two-headed ogre hits you but does no damage.
The two-headed ogre hits you with a +0 giant spiked club!!
* * * LOW HITPOINT WARNING * * *
You shoot an arrow.
The arrow barely misses the two-headed ogre.
The two-headed ogre hits you with a +0 giant club!
* * * LOW HITPOINT WARNING * * *
The two-headed ogre hits you with a +0 giant spiked club!!
You die...

..>.#.#. .#>........
........ ..........
....#.#.# ...........
.(........ ##.........
..##.......##.$.......
#!. ..................
. #. ....##......##.##
.. .......<.O##..# ...
........#@....#....
.......###..#......
.......###.##......
..#.....#..........
..#.........#..#...
.......#..##.##
..##......##..###
[##......#.....
................


You could see a two-headed ogre.

Vanquished Creatures
  Sigmund (D:4)
  A wraith (D:10)
  A water moccasin (D:7)
  Duvessa (D:7)
  A black bear (D:6)
  An orc warrior (D:10)
  A sky beast (D:6)
  2 ogres
  2 phantoms (D:5)
  2 bullfrogs (D:7)
  2 scorpions (D:5)
  7 wights (D:7)
  Dowan (D:7)
  6 killer bees (D:7)
  A howler monkey (D:7)
  A hound (D:5)
  A jelly (D:4)
  2 orc priests (D:10)
  3 sleepcaps
  2 iguanas
  Natasha (thrice) (D:4 D:3)
  An orc wizard (D:4)
  Robin (D:2)
  4 gnolls (D:5)
  14 adders
  2 white imps
  2 dart slugs
  11 orcs
  8 endoplasms
  3 giant cockroaches
  12 goblins
  12 hobgoblins
  2 jackals (D:5)
  5 quokkas
  4 ball pythons
  8 bats
  3 frilled lizards (D:2)
  13 kobolds
  7 rats
154 creatures vanquished.

Vanquished Creatures (others)
  10 plants
10 creatures vanquished.

Grand Total: 164 creatures vanquished

Notes
Turn   | Place    | Note
-------+----------+-------------------------------------------
     0 | D:1      | CryoSword the Formicid Hunter began the quest for the Orb.
     0 | D:1      | Reached XP level 1. HP: 16/16 MP: 1/1
    96 | D:1      | Reached XP level 2. HP: 14/22 MP: 2/2
   453 | D:1      | Found Kewer's Magic Scroll Shop.
   530 | D:1      | Reached XP level 3. HP: 27/27 MP: 3/3
   796 | D:1      | Reached skill level 5 in Ranged Weapons
  1105 | D:1      | Bought a scroll of identify for 28 gold pieces
  1452 | D:2      | Reached XP level 4. HP: 33/33 MP: 4/4
  1455 | D:2      | Noticed Robin
  1462 | D:2      | Killed Robin
  2232 | D:3      | Found Pimid's Antique Armour Boutique.
  2296 | D:3      | Reached XP level 5. HP: 38/38 MP: 5/5
  2306 | D:3      | Reached skill level 6 in Ranged Weapons
  2611 | D:3      | Identified the +0 ring mail of the Battered Blessings
                  | {-Cast rElec rN+ Will+}
  2814 | D:3      | Found a hide-covered altar of Uskayaw.
  3035 | D:4      | Noticed an ogre
  3156 | D:4      | Reached XP level 6. HP: 44/44 MP: 6/6
  3218 | D:4      | Noticed Sigmund
  3284 | D:4      | Found a staircase to the Ecumenical Temple.
  3291 | Temple   | Entered the Ecumenical Temple
  3392 | Temple   | Became a worshipper of Makhleb the Destroyer
  3429 | D:4      | Reached skill level 7 in Ranged Weapons
  3544 | D:4      | Found a blossoming altar of Fedhas.
  3545 | D:4      | Found a white marble altar of Elyvilon.
  3582 | D:4      | Killed Sigmund
  3583 | D:4      | Reached skill level 1 in Armour
  3583 | D:4      | Reached skill level 1 in Invocations
  3583 | D:4      | Reached XP level 7. HP: 41/51 MP: 7/7
  3646 | D:4      | Noticed Natasha
  3653 | D:4      | Killed Natasha
  3763 | D:4      | Noticed Natasha
  3772 | D:3      | Killed Natasha
  3807 | D:3      | Noticed Natasha
  3816 | D:3      | Killed Natasha
  4022 | D:3      | Found Pimid's Antique Armour Boutique.
  4063 | D:3      | Found a hide-covered altar of Uskayaw.
  4334 | D:4      | Found a staircase to the Ecumenical Temple.
  4508 | D:4      | Found a blossoming altar of Fedhas.
  4509 | D:4      | Found a white marble altar of Elyvilon.
  4784 | D:5      | Entered Level 5 of the Dungeon
  5025 | D:5      | Reached XP level 8. HP: 58/58 MP: 9/9
  5132 | D:5      | Reached skill level 8 in Ranged Weapons
  6310 | D:3      | Bought a cloak for 108 gold pieces
  6310 | D:3      | Bought a pair of gloves for 108 gold pieces
  6356 | D:1      | Bought a scroll of identify for 28 gold pieces
  6356 | D:1      | Bought a scroll of identify for 28 gold pieces
  6356 | D:1      | Bought a scroll of identify for 28 gold pieces
  6356 | D:1      | Bought a scroll of identify for 28 gold pieces
  6486 | D:6      | Found a sparkling altar of Nemelex Xobeh.
  7038 | D:6      | Found a sparkling altar of Nemelex Xobeh.
  7238 | D:7      | Noticed Dowan
  7239 | D:7      | Noticed Duvessa
  7267 | D:7      | Killed Duvessa
  7268 | D:7      | Reached XP level 9. HP: 56/66 MP: 11/11
  7268 | D:7      | Killed Dowan
  7598 | D:7      | Reached * piety under Makhleb
  7599 | D:7      | Reached skill level 9 in Ranged Weapons
  7673 | D:7      | Reached skill level 5 in Stealth
  7968 | D:7      | Found a basalt altar of Yredelemnul.
  7975 | D:7      | Reached skill level 5 in Fighting
  8396 | D:8      | Noticed a two-headed ogre
  8602 | D:8      | You fall into a shaft and drop 2 floors!
  8602 | D:10     | Entered Level 10 of the Dungeon
  8615 | D:10     | Found a shadowy altar of Dithmenos.
  8701 | D:10     | Reached skill level 5 in Invocations
  8902 | D:8      | Slain by a two-headed ogre

Illustrated notes

Levels and vault maps discovered:
D:1:      dpeg_arrival_another_circle, layout_basic, serial_shops, shop,
          minmay_misc_feat_enclosed
D:2:      layout_loops_corners, minmay_misc_feat_hallway,
          lexackson_kobold_supper, uniq_robin
D:3:      cheibrodos_old_hovel, layout_basic, nicolae_uskayaw_suspiria,
          serial_shops, shop, amcnicky_mini_corridor_feature
D:4:      layout_basic, gammafunk_temple_overflow_pools,
          minmay_temple_entry_ruins, uniq_sigmund, uniq_natasha
D:5:      layout_cave_pools, chequers_big_river, guppyfry_early_lair_pool
D:6:      layout_loops_ring, nemelex_spade_bored_becter
D:7:      lemuel_ice_spiral_2, layout_basic, mainiacjoe_overflow_paths,
          serial_bayou_pond_a, uniq_duvessa
D:8:      layout_cave_pools, mainiacjoe_overflow_small_starburst, st_stairs_9,
          kennysheep_generic_room_3
D:9:      layout_roguey, pdpol_temple_overflow_zin_treasury_gozag_greed,
          hiddenorc1_lemuel, serial_shops, shop,
          hangedman_abyss_or_decor_clamps, palyth_stone_intersect, uniq_harold,
          uniq_maurice, uniq_grum
D:10:     layout_cave_pools, mainiacjoe_overflow_alcove_2,
          nicolae_dithmenos_shadow_blocks, lair_entry_dummy,
          gammafunk_ghost_arena
Temple:   hellmonk_temple_flake

Skill      XL: |  1  2  3  4  5  6  7  8  9 |
---------------+----------------------------+-----
Ranged Weapons | 5 6 7 8 9 |  9.5
Armour         | 1 2 3 4 |  4.5
Stealth        | 2 3 4 5 |  5.6
Invocations    | 1 2 3 5 |  5.0
Fighting       | 3 4 5 |  5.3
Dodging        | 3 |  3.7

Action                     |  1- 3 |  4- 6 |  7- 9 || total
---------------------------+-------+-------+-------++-------
   Fire: Shortbow          |    72 |   161 |   319 ||   552
Ability: Dig               |       |       |     1 ||     1
  Evoke: Wand              |       |     6 |     8 ||    14
    Use: Scroll            |     2 |     6 |     7 ||    15
         Potion            |       |       |     2 ||     2
 Armour: Leather armour    |     2 |     5 |       ||     7
         Ring mail         |       |    10 |    84 ||    94
  Dodge: Dodged            |    14 |    46 |   150 ||   210

Table legend: (Time is in decaauts)
 A = Elapsed time spent in this place.
 B = Non-inter-level travel time spent in this place.
 C = Inter-level travel time spent in this place.
 D = Time resting spent in this place.
 E = Time spent auto-exploring this place.
 F = Levels seen in this place.
 G = Mean time per level.
                   A        B        C        D        E       F      G
               +--------+--------+--------+--------+--------+-----+--------+
         Total |   9073 |   8424 |    649 |    583 |   6444 |  11 |  824.8 |
       Dungeon |   8960 |   8334 |    626 |    583 |   6367 |  10 |  896.0 |
        Temple |    112 |     89 |     23 |      0 |     77 |   1 |  112.0 |
               +--------+--------+--------+--------+--------+-----+--------+

Top non-repeatable levels by time:
     D:7: 1398 daAuts
     D:6: 1376 daAuts
     D:3: 1309 daAuts
     D:4: 1308 daAuts
     D:2: 1183 daAuts
     D:1: 1135 daAuts
     D:5: 896 daAuts
    D:10: 160 daAuts
     D:9: 132 daAuts
  Temple: 112 daAuts
     D:8: 57 daAuts
